 Dungeon Crawl Stone Soup version 0.22-a0-395-gfed312b (webtiles) character file.

14184 iamserjio the Destroyer (level 12, -3/91 HPs)
             Began as a Barachi Wizard on May 3, 2018.
             Was a Priest of Vehumet.
             Succumbed to Totori's ghost's bolt of poison
             ... on level 11 of the Dungeon.
             The game lasted 01:20:03 (18260 turns).

iamserjio the Destroyer (Barachi Wizard)           Turns: 18260, Time: 01:20:03

Health: -3/91      AC: 12    Str: 20    XL:     12   Next: 13%
Magic:  10/34      EV: 16    Int: 22    God:    Vehumet [***...]
Gold:   252        SH:  0    Dex: 23    Spells: 3/30 levels left

rFire    + + +     SeeInvis .   w - +7 quarterstaff of Obsession {venom, rF+ Dex+7}
rCold    + . .     Gourm    .   (shield currently unavailable)
rNeg     + . .     Faith    .   M - +2 robe of Purpose {MR+ Dex+4}
rPois    .         Spirit   .   Q - +2 helmet
rElec    .         Reflect  .   s - +2 cloak
rCorr    +         Harm     .   J - +0 pair of gloves
MR       ++...                  b - +0 pair of boots of the Nexus {rF++ rC+ rCorr Str+3}
Stlth    +++.......             F - amulet of regeneration
HPRegen  0.65/turn              X - ring of protection from magic
MPRegen  0.24/turn              y - ring "Mepoupse" {*Drain rN+ MP+9 Str+8 Stlth+}

@: lethally poisoned (-3 -> -39), slow
A: +LOS, swims, slowness 1, strong legs 1
a: Hop, Renounce Religion


You were on level 11 of the Dungeon.
You worshipped Vehumet.
Vehumet was most pleased with you.
You were not hungry.

You visited 2 branches of the dungeon, and saw 13 of its levels.
You also visited: Sewer and Bailey.

You collected 746 gold pieces.
You spent 494 gold pieces at shops.

Inventory:

Hand Weapons
 t - a +1 dagger of draining
 w - the +7 quarterstaff of Obsession (weapon) {venom, rF+ Dex+7}
   (You found it on level 4 of the Dungeon)

   It poisons the flesh of those it strikes.
   It affects your dexterity (+7).
   It protects you from fire.
 H - a +4 scimitar of flaming
 R - a +1 spear of distortion
 T - a +1 spear of flaming
Armour
 b - the +0 pair of boots of the Nexus (worn) {rF++ rC+ rCorr Str+3}
   (You bought it in a shop on level 9 of the Dungeon)

   It affects your strength (+3).
   It greatly protects you from fire.
   It protects you from cold.
   It protects you from acid and corrosion.
 s - a +2 cloak (worn)
 J - a +0 pair of gloves (worn)
 M - the +2 robe of Purpose (worn) {MR+ Dex+4}
   (You bought it in a shop on level 9 of the Dungeon)

   It affects your dexterity (+4).
   It affects your resistance to hostile enchantments.
 N - the +2 robe "Xulonnus" {rC+ Int+2 Stlth+}
   (You found it on level 6 of the Dungeon)

   It affects your intelligence (+2).
   It protects you from cold.
   It makes you more stealthy.
 Q - a +2 helmet (worn)
 W - a cursed -2 leather armour
Magical Staves
 G - an uncursed staff of death
Jewellery
 e - a +5 ring of protection
 m - an uncursed ring of stealth
 o - an uncursed ring of positive energy
 y - the ring "Mepoupse" (right hand) {*Drain rN+ MP+9 Str+8 Stlth+}
   (You found it on level 4 of the Dungeon)

   [ring of magical power]

   It affects your strength (+8).
   It protects you from negative energy.
   It affects your magic capacity (+9).
   It causes draining when unequipped.
   It makes you more stealthy.
 F - an amulet of regeneration (around neck)
 X - a ring of protection from magic (left hand)
Wands
 B - a wand of scattershot (3)
 E - a wand of polymorph (36)
 P - a wand of iceblast (23)
 S - a wand of clouds (7)
 U - a wand of paralysis (14)
 V - a wand of disintegration (7)
Scrolls
 c - 2 scrolls of fear
 f - 2 scrolls of random uselessness
 g - 2 scrolls of enchant armour {unknown}
 i - 2 scrolls of amnesia
 j - 2 scrolls of vulnerability {unknown}
 p - 2 scrolls of blinking
 r - a scroll of noise {unknown}
 v - 8 scrolls of remove curse
 z - 3 scrolls of teleportation
 A - 2 scrolls of immolation
Potions
 a - a potion of berserk rage {unknown}
 h - a potion of magic {unknown}
 k - 3 potions of heal wounds {unknown}
 n - 3 potions of lignification {unknown}
 q - 2 potions of agility {unknown}
 u - 2 potions of curing
 x - a potion of invisibility {unknown}
 C - a potion of brilliance {unknown}
 D - a potion of degeneration {unknown}
 I - a potion of resistance
 K - a potion of haste
 O - 3 potions of might {unknown}
Miscellaneous
 l - a fan of gales
Comestibles
 d - 22 rations


   Skills:
 + Level 7.5 Fighting
 + Level 5.3 Dodging
 - Level 2.0 Stealth
 + Level 9.8 Spellcasting
 * Level 13.4 Conjurations
 - Level 1.2 Summonings
 - Level 1.1 Translocations
 + Level 9.0 Fire Magic


You had 3 spell levels left.
You knew the following spells:

 Your Spells              Type           Power        Failure   Level  Hunger
a - Magic Dart            Conj           ####         1%          1    None
b - Call Imp              Summ           ###.....     5%          2    None
c - Conjure Flame         Conj/Fire      ######..     1%          3    None
d - Blink                 Tloc           N/A          6%          2    None
e - Mephitic Cloud        Conj/Pois/Air  ####....     1%          3    None
f - Summon Butterflies    Summ           ###.....     3%          1    None
g - Vampiric Draining     Necr           ##........   19%         3    None
h - Iskenderun's Mystic   Conj           ######..     1%          4    ##.....
i - Force Lance           Conj/Tloc      #####...     1%          4    ##.....
j - Sticky Flame          Conj/Fire      ######..     1%          4    ##.....


Dungeon Overview and Level Annotations

Branches:
Dungeon (12/15)            Temple (1/1) D:7            Lair (0/6) D:10
    Orc (0/2) D:12

Altars:
Ashenzari
Dithmenos
Fedhas
Gozag
Hepliaklqana
Kikubaaqudgha
Makhleb
Nemelex Xobeh
Okawaru
Qazlal
Ru
Sif Muna
Trog
Uskayaw
Vehumet
Wu Jian
Zin
The Shining One

Shops:
D:5 *   D:8 =   D:9 [[

Annotations:
D:12 Totori's ghost, journeyman DrVM


Innate Abilities, Weirdness & Mutations

Shadows flee at your approach. (+LOS)
You can swim through water.
You cover ground slowly.
You can hop short distances.


Message History

Totori's ghost points at you and mumbles some strange words.
The bolt of poison misses you.
You feel very sick.
You are more poisoned.
* * * LOW HITPOINT WARNING * * *
You are more poisoned.
Totori's ghost is engulfed in blazing flames.
Totori's ghost hits you.
* * * LOW HITPOINT WARNING * * *
There is a stone staircase leading up, spattered with blood here.
* * * LOW HITPOINT WARNING * * *
You feel very sick.
* * * LOW HITPOINT WARNING * * *
You are more poisoned.
Totori's ghost is engulfed in blazing flames.
Totori's ghost casts a spell at you. The bolt of poison hits you!
You are more poisoned.
* * * LOW HITPOINT WARNING * * *
You climb upwards.
The ghost fades into the shadows.
Totori's ghost disappears!
You die...

..............#########.# #..#
........................# #..#
...............########.# #..#
##..#########..# #.# #..# #..#
#..# #.# #..# #..# #..# #.# #..#
#..#########..########.#####..#
##............................รท#
<...............@..............#
##############################.#
#.# #.# #.# #^# #.# #.# #.#


There were no monsters in sight!

Vanquished Creatures
  The ghost of varam the Blocker, a journeyman TrMo of Cheibriados (D:12)
  A hydra (D:12)
  Erica (D:8)
  2 two-headed ogres
  An orc knight (Bailey)
  A deep elf mage (D:12)
  2 ugly things (D:12)
  A troll (D:12)
  Grinder (D:6)
  2 hippogriffs
  A spriggan (D:12)
  10 yaks
  A warg (D:11)
  A water moccasin (D:9)
  Duvessa (D:6)
  The ghost of Totori the Sneak, an amateur SpEn (D:3)
  8 orc warriors
  2 ice beasts (D:6)
  3 sky beasts
  2 necrophages
  4 phantoms
  A black bear (D:6)
  5 ogres
  5 centaurs
  A big kobold (D:10)
  A crocodile (D:11)
  Blork the orc (D:6)
  7 bullfrogs
  A gnoll sergeant (D:12)
  Dowan (D:6)
  6 scorpions
  4 killer bees (D:10)
  5 wights (D:11)
  3 howler monkeys
  An electric eel (D:8)
  4 crimson imps
  2 hounds
  2 bullfrog zombies
  6 jellies
  A bullfrog skeleton (D:7)
  8 orc priests
  3 centaur skeletons
  8 orc wizards
  An iguana (D:9)
  Ijyb (D:5)
  4 worker ants
  2 hound skeletons
  A howler monkey zombie (D:9)
  A worker ant zombie (D:5)
  7 gnolls
  11 adders
  3 shadow imps
  2 oozes
  An adder skeleton (D:4)
  An adder zombie (D:5)
  3 worms (D:4)
  5 leopard geckos
  33 orcs
  4 ball pythons
  2 giant cockroaches
  10 hobgoblins
  12 jackals
  A quokka (D:8)
  5 bats
  5 frilled lizards
  7 goblins
  A jackal skeleton (D:5)
  16 kobolds
  A leopard gecko skeleton (D:5)
  9 rats
272 creatures vanquished.

Vanquished Creatures (collateral kills)
  Purgy (Sewer)
  An ogre (D:5)
  A scorpion (D:4)
  2 orc priests (D:3)
  An adder (D:3)
  2 orcs (D:4)
  3 giant cockroaches (D:3)
  A hobgoblin (D:3)
  6 jackals
  A rat (D:2)
19 creatures vanquished.

Vanquished Creatures (others)
  An unseen horror (D:11)
  A killer bee (D:10)
2 creatures vanquished.

Grand Total: 293 creatures vanquished

Notes
Turn   | Place    | Note
-------+----------+-------------------------------------------
     0 | D:1      | iamserjio the Barachi Wizard began the quest for the Orb.
     0 | D:1      | Reached XP level 1. HP: 13/13 MP: 4/4
   171 | D:1      | Reached XP level 2. HP: 17/19 MP: 0/6
   457 | D:1      | Learned a level 2 spell: Call Imp
   668 | D:1      | Reached skill level 2 in Conjurations
   861 | D:1      | Reached XP level 3. HP: 8/24 MP: 1/8
  1442 | D:1      | Learned a level 3 spell: Conjure Flame
  1445 | D:1      | Learned a level 2 spell: Blink
  1932 | D:2      | Reached XP level 4. HP: 27/30 MP: 1/10
  2321 | D:3      | Noticed Totori's ghost (amateur SpEn)
  2428 | D:3      | Found a glowing drain.
  2444 | D:3      | Reached skill level 3 in Conjurations
  2465 | D:3      | Reached skill level 1 in Fire Magic
  2479 | Sewer    | Entered a sewer
  2751 | Sewer    | Noticed Purgy
  2782 | Sewer    | Killed Purgy
  2782 | Sewer    | Reached XP level 5. HP: 35/35 MP: 1/11
  3453 | D:2      | Reached skill level 4 in Conjurations
  3692 | D:3      | Reached XP level 6. HP: 40/41 MP: 1/12
  3840 | D:3      | Learned a level 3 spell: Mephitic Cloud
  4165 | D:4      | Got a brightly glowing quarterstaff
  4180 | D:4      | Got a fine marble ring
  4187 | D:4      | Identified the ring "Mepoupse" {*Drain rN+ MP+9 Str+8 Stlth+} (You found it on level 4 of the Dungeon)
  4534 | D:3      | Killed Totori's ghost
  4708 | D:3      | Reached skill level 5 in Conjurations
  4902 | D:4      | Identified the +7 quarterstaff of Obsession {venom, rF+ Dex+7} (You found it on level 4 of the Dungeon)
  4949 | D:4      | Reached skill level 5 in Spellcasting
  5013 | D:4      | Reached XP level 7. HP: 46/46 MP: 14/14
  5192 | D:4      | Reached skill level 6 in Conjurations
  5612 | D:5      | Entered Level 5 of the Dungeon
  5612 | D:5      | Noticed Ijyb
  5618 | D:5      | Killed Ijyb
  5934 | D:5      | Reached XP level 8. HP: 46/52 MP: 16/16
  6138 | D:5      | Found Gozag's Platinum Reserve.
  6139 | D:5      | Found an opulent altar of Gozag.
  6261 | D:5      | Reached skill level 7 in Conjurations
  7088 | D:6      | Noticed Blork the orc
  7382 | D:6      | Noticed Grinder
  7512 | D:6      | Paralysed by Grinder for 2 turns
  7532 | D:6      | Paralysed by Grinder for 7 turns
  7539 | D:6      | Killed Grinder
  7540 | D:6      | Killed Blork the orc
  7540 | D:6      | Reached skill level 5 in Fire Magic
  7705 | D:6      | Reached skill level 8 in Conjurations
  7961 | D:6      | Noticed Duvessa
  7961 | D:6      | Noticed Dowan
  7976 | D:6      | Killed Dowan
  7981 | D:6      | Killed Duvessa
  8139 | D:6      | Reached XP level 9. HP: 57/57 MP: 1/19
  8546 | D:6      | Got a heavily jewelled robe
  8561 | D:6      | Identified the +2 robe "Xulonnus" {rC+ Int+2 Stlth+} (You found it on level 6 of the Dungeon)
  9004 | D:6      | Reached skill level 9 in Conjurations
 10178 | D:7      | Learned a level 1 spell: Summon Butterflies
 10203 | D:7      | Found a staircase to the Ecumenical Temple.
 10318 | Temple   | Entered the Ecumenical Temple
 10418 | Temple   | Became a worshipper of Vehumet
 10954 | D:7      | Learned a level 3 spell: Vampiric Draining
 10955 | D:8      | Noticed Erica
 10969 | D:8      | Killed Erica
 10969 | D:8      | Reached skill level 10 in Conjurations
 10969 | D:8      | Reached XP level 10. HP: 55/68 MP: 12/21
 10992 | D:8      | Found a flagged portal.
 11009 | Bailey   | Entered a bailey
 11009 | Bailey   | Noticed an orc knight
 11011 | Bailey   | Killed an orc knight
 11246 | D:8      | Found Ymasoll's Jewellery Boutique.
 11368 | D:8      | Reached skill level 11 in Conjurations
 11514 | D:8      | Reached * piety under Vehumet
 11514 | D:8      | Offered knowledge of Sandblast by Vehumet.
 12375 | D:9      | Noticed a two-headed ogre
 12393 | D:9      | Killed a two-headed ogre
 12393 | D:9      | Reached skill level 5 in Fighting
 12639 | D:9      | Reached XP level 11. HP: 79/79 MP: 23/23
 12810 | D:9      | Learned a level 4 spell: Iskenderun's Mystic Blast
 12816 | D:9      | Learned a level 4 spell: Force Lance
 12838 | D:9      | Reached ** piety under Vehumet
 12906 | D:9      | Reached skill level 12 in Conjurations
 12987 | D:9      | Offered knowledge of Throw Frost by Vehumet.
 13099 | D:9      | Found Jusus's Antique Armour Boutique.
 13121 | D:9      | Bought a faintly glowing robe for 171 gold pieces
 13131 | D:9      | Identified the +2 robe of Purpose {MR+ Dex+4} (You bought it in a shop on level 9 of the Dungeon)
 13424 | D:9      | Found Kohalaoj's Antique Armour Shoppe.
 13433 | D:9      | Bought a pair of brightly glowing boots for 323 gold pieces
 13443 | D:9      | Identified the +0 pair of boots of the Nexus {rF++ rC+ rCorr Str+3} (You bought it in a shop on level 9 of the Dungeon)
 13600 | D:9      | You fall through a shaft for 3 floors!
 13600 | D:12     | Noticed a purple ugly thing
 13609 | D:12     | Noticed varam's ghost (journeyman TrMo)
 13632 | D:10     | Entered Level 10 of the Dungeon
 14045 | D:10     | Found a staircase to the Lair.
 14164 | D:10     | Noticed a lindwurm
 14164 | D:10     | Noticed a lindwurm
 14164 | D:10     | Noticed a lindwurm
 15543 | D:11     | Killed an unseen horror
 15584 | D:11     | Offered knowledge of Static Discharge by Vehumet.
 15889 | D:12     | Noticed a two-headed ogre
 16104 | D:12     | Noticed a red ugly thing
 16238 | D:12     | Noticed Totori's ghost (journeyman DrVM)
 16435 | D:12     | Noticed a deep elf mage
 16435 | D:12     | Killed varam's ghost
 16539 | D:12     | Noticed a purple ugly thing
 16545 | D:12     | Killed a deep elf mage
 16696 | D:12     | Killed a two-headed ogre
 16707 | D:12     | Killed a purple ugly thing
 16707 | D:12     | Reached skill level 13 in Conjurations
 16723 | D:12     | Reached *** piety under Vehumet
 16917 | D:12     | Noticed a six-headed hydra
 16923 | D:12     | Killed a six-headed hydra
 16923 | D:12     | Reached skill level 5 in Dodging
 16923 | D:12     | Reached XP level 12. HP: 91/91 MP: 5/25
 17842 | D:12     | Found a staircase to the Orcish Mines.
 17847 | D:12     | Offered knowledge of Sticky Flame by Vehumet.
 17859 | D:12     | Learned a level 4 spell: Sticky Flame
 18078 | D:11     | HP: 4/91 [poisoned by Totori's ghost (bolt of poison)]
 18084 | D:11     | HP: 4/91 [poisoned by Totori's ghost (bolt of poison)]
 18259 | D:12     | HP: 2/91 [Totori's ghost/bolt of poison (14)]
 18260 | D:11     | Succumbed to Totori's ghost's bolt of poison

Vault maps used:
D:1:      scummos_arrival_hexagon, serial_bayou, serial_bayou_ford_a,
          serial_bayou_pond_c, serial_bayou_pond_e, serial_bayou_shore_a
D:3:      gup_sewer_entry_glass
D:5:      nicolae_gozag_zags_fifth_avenue, first_ration, uniq_ijyb
D:6:      grunt_ministairs_5, uniq_duvessa, uniq_grinder, uniq_blork_the_orc
D:7:      minmay_temple_entry_purple_smoke, st_stairs_8
D:8:      serial_shops, nicolae_shop_statue_plus, serial_glass, glass_columns_a,
          glass_columns_a, enter_bailey_2, lightli_minifort, uniq_erica
D:9:      serial_shops, nicolae_shop_competitors_out_of_business, shop
D:10:     lair_entry_dummy, minmay_lindwurm_lava
D:12:     david_orc_3, the_bakery, due_unseen_surprise
Temple:   roderic_octagonal_lattice_temple
Sewer:    kennysheep_door_sewer
Bailey:   bailey_polearm_4, bailey

Skill      XL: |  1  2  3  4  5  6  7  8  9 10 11 |
---------------+----------------------------------+-----
Stealth        | 2 |  2.0
Conjurations   | 2 3 4 5 6 8 10 11 13 | 13.4
Spellcasting   | 4 5 6 7 8 9 |  9.8
Fire Magic     | 1 2 3 4 5 7 8 9 |  9.0
Fighting       | 2 5 7 |  7.5
Dodging        | 5 |  5.3
Summonings     | |  1.2
Translocations | |  1.1

Action                   |  1- 3 |  4- 6 |  7- 9 | 10-12 || total
-------------------------+-------+-------+-------+-------++-------
Melee: Unarmed           |    34 |       |       |       ||    34
       Spear             |    38 |    40 |       |       ||    78
       Quarterstaff      |       |     8 |    20 |    61 ||    89
 Cast: Magic Dart        |    84 |   123 |   324 |   542 ||  1073
       Call Imp          |     1 |    14 |    20 |       ||    35
       Conjure Flame     |       |     4 |    19 |    38 ||    61
       Mephitic Cloud    |       |       |     3 |    18 ||    21
       Blink             |       |       |       |     6 ||     6
       Iskenderun's Myst |       |       |       |    34 ||    34
       Force Lance       |       |       |       |    10 ||    10
       Sticky Flame      |       |       |       |     4 ||     4
 Abil: Hop               |       |     2 |     2 |       ||     4
Evoke: Wand              |       |       |     2 |     3 ||     5
  Use: Scroll            |       |     6 |     4 |     7 ||    17
       Potion            |       |     1 |     1 |     1 ||     3
 Stab: Sleeping          |       |     1 |       |       ||     1
       Distracted        |       |       |     1 |       ||     1
       Confused          |       |       |       |     1 ||     1
  Eat: Chunk             |     3 |    10 |    10 |    23 ||    46
       Ration            |       |       |     3 |     1 ||     4
Armor: Robe              |    22 |    20 |    28 |    90 ||   160
Dodge: Dodged            |    68 |    69 |    71 |   114 ||   322

Table legend:
 A = Spawn XP
 B = Non-spawn XP
 C = Spawn XP percentage of total XP
 D = Spawn monster count
 E = Non-spawn monster count
 F = Spawn count percentage of total count
 G = Total turns spent on level
                    A         B        C        D         E        F      G
               +---------+---------+-------+---------+---------+-------+---------
         Total |       0 |   20263 |   0.0 |       0 |     293 |   0.0 | 18260
               +---------+---------+-------+---------+---------+-------+---------
           D:1 |       0 |      45 |   0.0 |       0 |      24 |   0.0 |  1533
           D:2 |       0 |      85 |   0.0 |       0 |      23 |   0.0 |  1366
           D:3 |       0 |     292 |   0.0 |       0 |      36 |   0.0 |  1079
           D:4 |       0 |     460 |   0.0 |       0 |      17 |   0.0 |  1065
           D:5 |       0 |     525 |   0.0 |       0 |      16 |   0.0 |  1716
           D:6 |       0 |    1709 |   0.0 |       0 |      23 |   0.0 |  2446
           D:7 |       0 |     625 |   0.0 |       0 |      10 |   0.0 |  1056
           D:8 |       0 |    3107 |   0.0 |       0 |      31 |   0.0 |  1383
           D:9 |       0 |    1867 |   0.0 |       0 |      23 |   0.0 |  1376
          D:10 |       0 |    1042 |   0.0 |       0 |      23 |   0.0 |   849
          D:11 |       0 |    2841 |   0.0 |       0 |      21 |   0.0 |  2131
          D:12 |       0 |    6599 |   0.0 |       0 |      36 |   0.0 |  1546
         Sewer |       0 |      89 |   0.0 |       0 |       6 |   0.0 |   569
        Bailey |       0 |     977 |   0.0 |       0 |       4 |   0.0 |    20
               +---------+---------+-------+---------+---------+-------+---------
